 Dungeon Crawl Stone Soup version 0.30.0 (webtiles) character file.

Game seed: 16798627010268513741

27272 samcosmo the Basher (level 13, -11/116 HPs)
             Began as a Pale Draconian Warper on July 5, 2023.
             Was a High Priest of Dithmenos.
             Mangled by a thrashing horror (20 damage)
             ... on level 2 of the Abyss.
             The game lasted 01:31:49 (17952 turns).

samcosmo the Basher (Pale Draconian Warper)        Turns: 17952, Time: 01:31:49

Health: -11/116    AC: 13    Str: 24    XL:     13   Next: 3%
Magic:  3/25       EV: 15    Int: 13    God:    Dithmenos [*****.]
Gold:   185        SH: 14    Dex: 11    Spells: 15/29 levels left

rFire   . . .        v - +1 flail (holy)
rCold   + + +        z - +8 kite shield of Hedonism {rC+ Str+5}
rNeg    . . .        (body armour unavailable)
rPois   +            (helmet restricted)
rElec   +            s - +1 cloak
rCorr   .            o - +2 pair of gloves
SInv    .            (no boots)
Will    +....        g - amulet of faith
Stlth   ++           u - ring of poison resistance
HPRegen 0.00/turn    m - ring of Departure {*Corrode rElec rC+++ Will+ EV+5}
MPRegen 0.19/turn

%: corrode self (3%), faith
@: about to teleport, sick, wreathed by umbra
A: breathe steam, AC +8, unfitting armour, cold-blooded, steam resistance
a: Breathe Steam, Renounce Religion, Shadow Step, Shadow Form


You were on level 2 of the Abyss.
You worshipped Dithmenos.
Dithmenos was extremely pleased with you.
You visited 3 branches of the dungeon, and saw 13 of its levels.
You visited the Abyss 1 time.
You also visited: Sewer.

You collected 662 gold pieces.
You spent 477 gold pieces at shops.

Inventory:

Hand Weapons
 p - the +7 battleaxe "Cimu" {holy, rElec}
   (You bought it in a shop on level 7 of the Dungeon)

   rElec:     It insulates you from electricity.
 v - a +1 flail of holy wrath (weapon)
Missiles
 c - 10 boomerangs of dispersal (quivered)
 w - a throwing net
Armour
 o - a +2 pair of gloves (worn)
 s - a +1 cloak (worn)
 z - the +8 kite shield of Hedonism (worn) {rC+ Str+5}
   (You acquired it on level 9 of the Dungeon)

   Str:       It affects your strength (+5).
   rC:        It protects you from cold.
Jewellery
 b - an amulet of magic regeneration
 g - an amulet of faith (around neck)
 l - an amulet of the acrobat
 m - the ring of Departure (right hand) {*Corrode rElec rC+++ Will+ EV+5}
   (You found it on level 4 of the Dungeon)

   [ring of evasion]

   EV:        It affects your evasion (+5).
   rC:        It renders you almost immune to cold.
   rElec:     It insulates you from electricity.
   *Corrode:  It may corrode you when you take damage.
   Will:      It increases your willpower.
 n - a ring of positive energy
 q - a ring of magical power
 u - a ring of poison resistance (left hand)
Wands
 E - a wand of flame (8)
 F - a wand of roots (7)
Scrolls
 a - a scroll of fear
 h - 3 scrolls of blinking
 j - a scroll of identify
 y - a scroll of butterflies
 A - a scroll of amnesia
 B - 3 scrolls of poison
Potions
 d - 2 potions of might
 e - 2 potions of attraction
 f - a potion of heal wounds
 i - 3 potions of flight
 k - 3 potions of mutation
 r - a potion of resistance
 x - a potion of haste
 D - a potion of brilliance
 G - 3 potions of ambrosia
 H - 3 potions of curing
 J - a potion of cancellation


   Skills:
 + Level 11.2 Fighting
 + Level 11.9 Maces & Flails
 - Level 0.8 Throwing
 - Level 2.1 Dodging
 + Level 8.9 Spellcasting
 - Level 2.1 Conjurations
 * Level 11.5 Translocations
 - Level 3.0 Air Magic


You had 15 spell levels left.
You knew the following spells:

 Your Spells              Type           Power      Damage    Failure   Level
a - Blink                 Tloc           70%        N/A       1%          2
b - Vhi's Electric Charg  Tloc/Air       48%        N/A       4%          3
c - Manifold Assault      Tloc           35%        N/A       2%          4
d - Momentum Strike       Conj/Tloc      46%        3d9       2%          2
e - Gell's Gravitas       Tloc           35%        N/A       1%          3

Your spell library contained the following spells:

 Spells                   Type           Power      Damage    Failure   Level
 Lesser Beckoning         Tloc           70%        N/A       1%          2
 Teleport Other           Tloc           35%        N/A       1%          3
 Portal Projectile        Hex/Tloc       40%        N/A       9%          3
 Sublimation of Blood     Necr           5%         N/A       43%         2
 Summon Forest            Summ/Tloc      10%        N/A       61%         5
 Call Canine Familiar     Summ           5%         N/A       67%         3
 Leda's Liquefaction      Hex/Erth       2%         N/A       97%         4
 Petrify                  Tmut/Erth      5%         N/A       97%         4
 Irradiate                Conj/Tmut      4%         3d13      99%         5
 Eringya's Noxious Bog    Tmut/Pois      2%         N/A       100%        6
 Summon Hydra             Summ           2%         N/A       100%        7


Dungeon Overview and Level Annotations

Branches:
Dungeon (10/15)            Temple (1/1) D:4            Lair (2/5) D:9
  Snake (0/4) Lair:2        Sewer (visited)
  Swamp: Lair:2-3    Shoals: Lair:2-3       Orc: D:9-12

Altars:
Ashenzari
Cheibriados
Dithmenos
Elyvilon
Fedhas
Gozag
Hepliaklqana
Kikubaaqudgha
Makhleb
Nemelex Xobeh
Okawaru
Qazlal
Ru
Sif Muna
Trog
Uskayaw
Vehumet
Wu Jian
Xom
Yredelemnul
Zin
The Shining One

Shops:
D:7 [!(*

Annotations:
D:10 Erolcha


Innate Abilities, Weirdness & Mutations

You can breathe blasts of scalding, opaque steam.
Your pale cyan-grey scales are hard. (AC +8)
You cannot fit into any form of body armour.
You are cold-blooded and may be slowed by cold attacks.
You are immune to the effects of steam.


Message History

The thrashing horror barely misses you. The thrashing horror tramples you.
* * * LOW HITPOINT WARNING * * *
You hold your ground!
You block the thrashing horror's attack. x2
The starcursed mass shrieks in your mind.
* * * LOW HITPOINT WARNING * * *
As you read the scroll of teleportation, it crumbles to dust.
You feel strangely unstable.
You feel the power of the Abyss delaying your translocation!
The thrashing horror tramples you but does no damage.
The thrashing horror misses you.
A starcursed mass splits.
You hit the thrashing horror. You tail-slap the thrashing horror.
The thrashing horror is almost destroyed.
Your shadow hits the thrashing horror but does no damage.
The thrashing horror tramples you!
* * * LOW HITPOINT WARNING * * *
You hold your ground!
You block the thrashing horror's attack.
A starcursed mass splits.
Casting: Vhi's Electric Charge (mildly dangerous; 4% risk of failure)
Confirm with . or Enter, or press ? or * to list all spells.
You blink.
You feel stable enough to blink again. The thrashing horror misses you.
You block the thrashing horror's attack.
The starcursed mass shrieks in your mind.
* * * LOW HITPOINT WARNING * * *
You block the thrashing horror's attack.
The thrashing horror tramples you.
* * * LOW HITPOINT WARNING * * *
You stumble backwards!
You feel much better.
You block the thrashing horror's attack. x2
You block the thrashing horror's attack. x2
The thrashing horror attacks as you move away!
The thrashing horror tramples you!!
* * * LOW HITPOINT WARNING * * *
The thrashing horror tramples you but does no damage.
The thrashing horror tramples you!!
You die...

#... ... #..X#.#
#.# . #X# ..
#.#### .#
#.#####.#####§##
#.X....#.#.....
##.#...§#..#.#
#§.##.X@..##.
#.#....##...#.
#.#.#. ....#
#.#§# ..######
..# ..# # ...
.#. #.. ## ..


You could see a starcursed mass and a thrashing horror (strong).

Vanquished Creatures
  4 two-headed ogres
  3 death yaks (D:9)
  4 black mambas (Lair:1)
  Joseph (D:10)
  A cane toad (Lair:1)
  A kobold demonologist (D:9)
  2 komodo dragons
  An ancient zyme (Abyss:2)
  7 blink frogs (Lair:1)
  A hornet (D:8)
  A dream sheep (Lair:1)
  Grum (D:8)
  13 yaks
  A basilisk (Lair:1)
  2 wyverns
  4 steam dragons
  A vampire mosquito (D:8)
  2 acid dragons
  6 water moccasins
  2 ice beasts
  3 black bears
  4 orc warriors
  A sky beast (D:6)
  3 centaurs
  8 wolves
  A kobold brigand (D:6)
  6 bullfrogs
  A gnoll sergeant (D:8)
  2 scorpions
  7 wights
  6 killer bees
  3 howler monkeys
  3 orc priests
  2 gnoll boudas
  3 jellies
  2 sleepcaps
  2 iguanas
  10 orc wizards
  Robin (D:2)
  12 adders
  6 gnolls
  2 shadow imps (D:5)
  3 white imps
  2 worms
  A dart slug (D:2)
  47 orcs
  3 bats
  8 endoplasms
  6 giant cockroaches
  12 goblins
  6 hobgoblins
  10 kobolds
  4 quokkas
  7 ball pythons
  8 frilled lizards
  8 rats
271 creatures vanquished.

Vanquished Creatures (others)
  4 fungi
  8 plants
12 creatures vanquished.

Grand Total: 283 creatures vanquished

Notes
Turn   | Place    | Note
-------+----------+-------------------------------------------
     0 | D:1      | samcosmo the Draconian Warper began the quest for the Orb.
     0 | D:1      | Reached XP level 1. HP: 17/17 MP: 3/3
   292 | D:1      | Reached XP level 2. HP: 24/25 MP: 5/5
   305 | D:1      | Learned a level 2 spell: Blink
   673 | D:1      | Found a faded altar of an unknown god.
   724 | D:1      | Reached XP level 3. HP: 13/31 MP: 6/6
  1346 | D:2      | Noticed Robin
  1356 | D:2      | Reached XP level 4. HP: 33/40 MP: 7/7
  1363 | D:2      | Killed Robin
  2233 | D:3      | Found a broken altar of Ashenzari.
  2238 | D:3      | Found a shadowy altar of Dithmenos.
  2251 | D:3      | Became a worshipper of Dithmenos the Shadowed
  2277 | D:3      | Found a glowing silver altar of Zin.
  2291 | D:3      | Found a shimmering blue altar of Sif Muna.
  2311 | D:3      | Found an opulent altar of Gozag.
  2810 | D:4      | Noticed a black bear
  2850 | D:4      | Noticed a scorpion
  3145 | D:4      | Found a staircase to the Ecumenical Temple.
  3343 | D:4      | Killed a black bear
  3344 | D:4      | Reached XP level 5. HP: 44/47 MP: 8/8
  3499 | D:5      | Entered Level 5 of the Dungeon
  3503 | D:5      | Noticed a steam dragon
  3542 | D:4      | Reached XP level 6. HP: 45/55 MP: 9/9
  3592 | D:4      | Reached skill level 5 in Fighting
  3611 | D:4      | Reached * piety under Dithmenos
  4124 | D:5      | Noticed a water moccasin
  4226 | D:4      | Found a hide-covered altar of Uskayaw.
  4416 | D:4      | HP: 1/56 [acid (10)]
  4457 | Temple   | Entered the Ecumenical Temple
  4778 | D:4      | Reached skill level 5 in Translocations
  4828 | D:4      | Identified the ring of Departure {*Corrode rElec rC+++
                  | Will+ EV+5}
  5035 | D:4      | Learned a level 3 spell: Vhi's Electric Charge
  6740 | D:5      | Your scales start taking on a pale cyan-grey colour.
  6740 | D:5      | Reached XP level 7. HP: 45/61 MP: 10/10
  6740 | D:5      | Gained mutation: You are immune to the effects of steam.
                  | [Pale Draconian growth]
  6830 | D:6      | Found a burning altar of Makhleb.
  6999 | D:6      | Reached skill level 1 in Air Magic
  7164 | D:6      | Found a glowing drain.
  7181 | Sewer    | Entered a sewer
  7266 | Sewer    | Learned a level 4 spell: Manifold Assault
  7805 | Sewer    | Learned a level 2 spell: Momentum Strike
  7814 | D:6      | Reached ** piety under Dithmenos
  7818 | D:6      | Reached XP level 8. HP: 70/70 MP: 12/12
  8010 | D:5      | Reached skill level 5 in Maces & Flails
  9669 | D:7      | Found Unaoga's Distillery.
  9723 | D:7      | Found Sese's Armour Shoppe.
  9730 | D:7      | Bought a +0 buckler for 63 gold pieces
  9877 | D:7      | Reached XP level 9. HP: 73/79 MP: 7/13
  9920 | D:7      | Found Ragecock's Antique Weapon Shoppe.
 10026 | D:7      | Reached *** piety under Dithmenos
 10872 | D:7      | Noticed a komodo dragon
 10971 | D:7      | Found Ugoasos's Assorted Antiques.
 11628 | D:7      | Reached **** piety under Dithmenos
 11962 | D:8      | Noticed a two-headed ogre
 12145 | D:7      | Killed a komodo dragon
 12358 | D:8      | Reached XP level 10. HP: 90/90 MP: 5/14
 12487 | D:8      | Noticed Grum
 12492 | D:8      | Killed Grum
 12637 | D:8      | Killed a two-headed ogre
 12792 | D:8      | Found a sacrificial altar of Ru.
 12991 | D:9      | Identified a scroll of acquirement
 12991 | D:9      | Acquired the +8 kite shield of Hedonism {rC+ Str+5}
 13015 | D:9      | Noticed a two-headed ogre
 13019 | D:9      | Killed a two-headed ogre
 13020 | D:9      | Reached skill level 10 in Maces & Flails
 13020 | D:9      | Reached skill level 5 in Spellcasting
 13684 | D:9      | Noticed a death yak
 13684 | D:9      | Noticed a death yak
 13694 | D:9      | Reached skill level 10 in Fighting
 13694 | D:9      | Reached XP level 11. HP: 99/99 MP: 15/20
 13883 | D:9      | Found a staircase to the Lair.
 14041 | D:9      | Noticed a death yak
 14283 | D:10     | Entered Level 10 of the Dungeon
 14289 | D:10     | Noticed Joseph
 14291 | D:10     | Noticed a two-headed ogre
 14343 | D:10     | Killed a two-headed ogre
 14344 | D:10     | Reached skill level 1 in Conjurations
 14353 | D:10     | Killed Joseph
 14565 | D:10     | Noticed a two-headed ogre
 14850 | D:7      | Bought a fading battleaxe for 414 gold pieces
 14850 | D:7      | Identified the +7 battleaxe "Cimu" {holy, rElec} (You
                  | bought it in a shop on level 7 of the Dungeon)
 15144 | D:9      | Killed a death yak
 15176 | D:9      | Killed a death yak
 15404 | D:9      | Killed a death yak
 15539 | D:10     | Noticed Erolcha
 15705 | D:9      | Killed a two-headed ogre
 15974 | Lair:1   | Entered Level 1 of the Lair of Beasts
 16135 | Lair:1   | Reached ***** piety under Dithmenos
 16814 | Lair:1   | Reached skill level 10 in Translocations
 16991 | Lair:1   | Learned a level 3 spell: Gell's Gravitas
 17124 | Lair:1   | Reached XP level 12. HP: 108/108 MP: 21/24
 17177 | Lair:2   | Found a staircase to the Snake Pit.
 17613 | Lair:1   | Reached XP level 13. HP: 75/116 MP: 7/25
 17830 | Abyss:2  | Cast into level 2 of the Abyss (Erolcha)
 17939 | Abyss:2  | Noticed a starcursed mass
 17948 | Abyss:2  | HP: 4/116 [thrashing horror (2)]
 17952 | Abyss:2  | Mangled by a thrashing horror

Illustrated notes

Levels and vault maps discovered:
D:1:      nzn_arrival_depleted_hourglass, layout_loops_ring,
          shapermc_ecumenical_altar_petra
D:2:      layout_basic, minmay_misc_feat_x, uniq_robin
D:3:      layout_basic, mainiacjoe_overflow_cross_hatched, lemuel_tele_altar,
          ashenzari_altar_1, mainiacjoe_overflow_catwalk_spiral, serial_forest,
          infiniplex_forest_pool, infiniplex_forest_fountain,
          infiniplex_forest_clump_medium, infiniplex_forest_clump_C,
          infiniplex_forest_end_1, infiniplex_forest_clump_C,
          minmay_fountain_box
D:4:      layout_basic, nicolae_uskayaw_murder_on_the_dancefloor,
          minmay_temple_entry_ruins, serial_curves, eino_curves_04,
          eino_curves_01, eino_curves_01, eino_curves_01,
          amcnicky_mini_pool_small
D:5:      layout_basic, hangedman_decor_clover_reticule
D:6:      layout_basic, mainiacjoe_overflow_tiny_flanked, portal_sewer_entry_a,
          grunt_ministairs_3
D:7:      layout_basic, serial_shops, nicolae_shop_just_a_little_nook, shop,
          nicolae_shop_advertising_works [nicolae_subvault_shop_adworks], shop
D:8:      cheibrodos_fzero, layout_loops_ring, general_overflow_altar, uniq_grum
D:9:      layout_loops_ring, dpeg_lair_monsters
D:10:     layout_big_octagon, uniq_joseph, uniq_erolcha
Temple:   eino_narrow_crystal_temple
Lair:1:   layout_layer_cave, small_statue_intersection
Lair:2:   layout_small_grid, minmay_snake_entry_six_corridors,
          nzn_sisyphean_effort, grunt_megastairs_3
Abyss:2:  base: D:10, evilmike_abyss_exit_mutagenic, spicy_abyss_planar_alliance

Skill      XL: |  1  2  3  4  5  6  7  8  9 10 11 12 |
---------------+-------------------------------------+-----
Fighting       | 3 4 5 6 7 8 10 11 | 11.2
Maces & Flails | 3 4 7 9 10 11 | 11.9
Translocations | 4 5 6 8 11 | 11.5
Air Magic      | 2 3 |  3.0
Spellcasting   | 3 6 8 |  8.9
Conjurations   | 2 |  2.1
Throwing       | |  0.8
Dodging        | |  2.1

Action                     |  1- 3 |  4- 6 |  7- 9 | 10-12 | 13-15 || total
---------------------------+-------+-------+-------+-------+-------++-------
  Melee: Mace              |   120 |   236 |   207 |       |       ||   563
         Tailslap          |     6 |    31 |    62 |    43 |     6 ||   148
         Punch             |       |     4 |     6 |       |       ||    10
         Flail             |       |       |   344 |   397 |    43 ||   784
   Cast: Blink             |       |     9 |    12 |    17 |     3 ||    41
         Vhi's Electric Ch |       |     2 |    20 |    20 |     2 ||    44
         Manifold Assault  |       |       |    30 |    56 |     7 ||    93
         Momentum Strike   |       |       |     5 |     2 |     1 ||     8
         Gell's Gravitas   |       |       |       |     2 |       ||     2
Ability: Breathe Steam     |       |       |     7 |    11 |     1 ||    19
    Use: Scroll            |       |    14 |     8 |    11 |     1 ||    34
         Potion            |       |     2 |     2 |     4 |     2 ||    10
   Stab: Sleeping          |       |     1 |       |       |       ||     1
 Armour: Skin              |    47 |    82 |   146 |    60 |    19 ||   354
  Dodge: Dodged            |   107 |   158 |   660 |   197 |    45 ||  1167
  Block: Buckler           |       |       |    16 |     9 |       ||    25
         Kite shield       |       |       |       |   194 |    63 ||   257
